Map: Acid Plant LE

Players

NORTHAMERICA - Winner!

  • Race: Protoss Protoss
  • League: Grandmaster
  • Spawn Location: 5:00

Adonis

  • Race: Protoss Protoss
  • League: Master
  • Spawn Location: 11:00

VOD

Have the link to the VOD?

Description

Time

  • Played on: Sept. 3, 2018, 1:09 a.m.
  • Length: 13:19
Show
View Real Time Build Order
Export as new Build Order

NORTHAMERICA Protoss - Winner!

Build Orders: Blink Stalkers 

Get SALT Encoding   

  12  0:02  Probe  
  14  0:14  Probe  
  14  0:17  Pylon  
  14  0:26  Probe  
  15  0:35  Probe  
  15  0:38  Gateway  
  16  0:43  Probe  
  16  0:48  Assimilator  
  17  0:52  Probe  
  18  0:58  Assimilator  
  18  1:00  Probe  
  18  1:08  Probe  
  19  1:13  Gateway  
  20  1:19  Probe  
  21  1:26  Cybernetics Core  
  21  1:31  Probe  
  22  1:38  Pylon  
  22  1:43  Probe  
  23  1:56  Probe  
  24  2:04  Stalker  
  24  2:05  Warp Gate, Stalker  
  28  2:11  Pylon  
  28  2:24  Twilight Council  
  28  2:34  Blink, Stalker  
  30  2:37  Stalker  
  32  3:06  Stalker  
  34  3:15  Stalker  
  36  3:31  Nexus  
  36  3:45  Robotics Facility  
  36  3:50  Pylon  
  36  3:54  Probe  
  37  4:07  Probe  
  38  4:13  Sentry x2  
  42  4:19  Probe  
  42  4:23  Shield Battery  
  42  4:27  Shield Battery  
  42  4:31  Probe  
  43  4:32  Immortal  
  43  4:43  Probe  
  48  4:51  Stalker  
  50  4:56  Stalker  
  52  5:09  Pylon  
  52  5:10  Pylon  
  48  5:28  Robotics Bay  
  48  5:33  Gateway  
  48  5:35  Observer  
  49  5:44  Probe  
  49  5:47  Pylon, Stalker  
  52  5:54  Gateway  
  54  6:09  Probe  
  53  6:11  Stalker  
  53  6:14  Disruptor  
  58  6:29  Pylon  
  58  6:38  Stalker  
  60  6:43  Adept x2  
  64  6:48  Pylon  
  64  7:05  Disruptor  
  64  7:09  Nexus  
  64  7:11  Disruptor  
  67  7:18  Pylon  
  67  7:28  Stalker  
  69  7:30  Stalker  
  71  7:38  Probe  
  72  7:46  Assimilator  
  72  7:50  Probe  
  73  7:55  Disruptor  
  67  8:15  Probe  
  68  8:25  Assimilator  
  68  8:28  Probe  
  68  8:32  Disruptor  
  68  8:33  Robotics Facility  
  72  8:51  Probe  
  72  8:54  Probe  
  66  8:58  Shield Battery  
  66  9:00  Pylon, Shield Battery  
  66  9:05  Disruptor  
  66  9:10  Probe  
  66  9:15  Disruptor  
  66  9:16  Zealot  
  72  9:18  Zealot  
  77  9:32  Pylon  
  77  9:38  Disruptor, Stalker  
  82  9:52  Disruptor  
  85  9:55  Zealot  
  87  10:00  Stalker  
  89  10:09  Stalker  
  89  10:14  Disruptor  
  91  10:21  Stalker  
  94  10:29  Stalker  
  94  10:30  Observer  
  96  10:43  Observer  
  96  10:48  Probe  
  95  11:03  Observer  
  95  11:05  Probe  
  96  11:20  Stalker, Zealot x2  
  102  11:38  Probe  
  103  11:45  Nexus  
  103  11:53  Stalker x2  
  107  11:56  Probe  
  107  11:58  Probe  
  109  12:09  Probe  
  110  12:16  Disruptor  
  113  12:24  Probe  
  113  12:29  Observer  
  96  12:52  Observer  
  96  12:53  Stalker  
  96  12:54  Stalker x2  
  96  12:56  Probe  
Show
View Real Time Build Order
Export as new Build Order

Adonis Protoss 

Build Orders:  

Get SALT Encoding   

  12  0:01  Probe  
  13  0:13  Probe  
  14  0:22  Pylon  
  14  0:25  Probe  
  15  0:36  Probe  
  16  0:44  Gateway, Probe  
  17  0:51  Assimilator  
  17  0:53  Probe  
  18  0:57  Assimilator  
  18  1:01  Probe  
  18  1:09  Probe  
  20  1:21  Probe  
  20  1:23  Gateway  
  21  1:32  Cybernetics Core  
  21  1:33  Probe  
  21  1:39  Pylon  
  22  1:45  Probe  
  23  1:57  Probe  
  24  2:02  Warp Gate  
  24  2:10  Stalker x2  
  28  2:23  Pylon  
  28  2:31  Pylon  
  27  2:45  Stalker x2, Robotics Facility  
  31  2:59  Pylon  
  31  3:15  Stalker x2  
  31  3:19  Gateway  
  35  3:24  Warp Prism  
  36  3:46  Pylon  
  36  3:55  Probe  
  37  4:00  Observer  
  38  4:06  Stalker  
  38  4:08  Stalker  
  42  4:17  Pylon  
  42  4:24  Stalker  
  42  4:30  Stalker x2  
  48  4:53  Stalker  
  48  4:54  Stalker x2  
  54  5:06  Pylon  
  54  5:18  Sentry x2  
  54  5:37  Nexus  
  54  5:46  Twilight Council  
  54  5:49  Probe  
  55  5:57  Probe  
  55  6:04  Charge  
  55  6:06  Stargate, Probe  
  56  6:19  Probe  
  57  6:32  Observer, Probe  
  59  6:36  Zealot  
  61  6:44  Probe  
  62  6:54  Phoenix  
  62  6:56  Probe  
  62  6:57  Probe  
  64  7:08  Probe  
  65  7:14  Probe  
  66  7:17  Phoenix  
  66  7:20  Probe  
  66  7:21  Gateway x2  
  69  7:25  Gateway  
  69  7:30  Gateway  
  69  7:41  Zealot  
  69  7:42  Phoenix  
  73  7:52  Zealot x2  
  75  8:05  Zealot  
  67  8:15  Phoenix, Zealot x2  
  67  8:19  Pylon  
  61  8:20  Zealot x2  
  67  8:29  Zealot x2, Dark Shrine  
  67  8:30  Zealot  
  73  8:37  Phoenix  
  73  8:40  Zealot  
  74  8:53  Probe  
  74  8:54  Phoenix, Probe  
  78  9:05  Forge  
  78  9:07  Observer  
  79  9:21  Nexus  
  79  9:23  Pylon  
  79  9:30  Zealot x3  
  85  9:35  Pylon  
  85  9:48  Pylon  
  85  9:51  Dark Templar x2  
  89  10:03  Zealot  
  89  10:04  Zealot x3  
  89  10:06  Probe  
  96  10:48  Dark Templar  
  96  10:53  Zealot x4  
  96  10:54  Zealot  
  104  10:59  Gateway  
  104  11:04  Gateway  
  104  11:05  Photon Cannon  
  104  11:07  Gateway  
  104  11:11  Probe x3  
  105  11:13  Pylon  
  105  11:16  Pylon, Photon Cannon  
  105  11:19  Pylon  
  105  11:21  Protoss Ground Weapons Level 1, Probe x3  
  108  11:29  Probe x3  
  111  11:44  Dark Templar x3  
  113  11:55  Dark Templar  
  113  11:56  Zealot x3  
  113  12:00  Archon  
  113  12:01  Archon  
  106  12:19  Zealot x5  
  106  12:20  Zealot  
  61  12:38  Zealot x4  
  61  12:39  Zealot  
  51  12:44  Zealot x2  
  51  12:45  Zealot x5  
  61  12:53  Dark Templar  
  61  12:58  Dark Templar  
  62  13:11  Zealot x3  
Tags
 
Composition
Blink Stalkers
Matchup
PvP
Spawn Locations
Cross Positions
Add a new tag
Caveats
  • Supply blocks, unpowered buildings, or Contaminate may cause inaccurate times.
  • Supply counts are checked every 10 seconds.